 Dungeon Crawl Stone Soup version 0.28-a0-249-g9004c80361 (webtiles) character file.

Game seed: 16440841582394217453

338 Malachi the Skirmisher (level 6, 0/43 HPs)
             Began as an Octopode Fighter on Aug 26, 2021.
             Was a Follower of Qazlal.
             Slain by a centaur skeleton (4 damage)
             ... on level 4 of the Dungeon.
             The game lasted 00:04:17 (4171 turns).

Malachi the Skirmisher (Octopode Fighter)           Turns: 4171, Time: 00:04:18

Health: 0/43       AC:  8    Str: 15    XL:     6   Next: 55%
Magic:  1/7        EV: 11    Int: 13    God:    Qazlal [*.....]
Gold:   131        SH: 10    Dex: 11    Spells: 5/5 levels left

rFire   . . .      SeeInvis .   c - +1 short sword (protect)
rCold   . . .      Faith    .   b - +0 kite shield
rNeg    . . .      Spirit   .   (helmet restricted)
rPois   .          Reflect  .   (no amulet)
rElec   .          Harm     .   (no ring)
rCorr   .          Rampage  .   (no ring)
Will    .....                   (no ring)
Stlth   +++.......              (no ring)
HPRegen 0.14/turn               (no ring)
MPRegen 0.10/turn               (no ring)
                                (no ring)
                                (no ring)

@: under a protective aura
A: almost no armour, amphibious, 8 rings, camouflage 1, gelatinous body 1,
(nimble swimmer 1), tentacles
a: Renounce Religion


You were on level 4 of the Dungeon.
You worshipped Qazlal.
Qazlal was aware of your devotion.
You visited 1 branch of the dungeon, and saw 4 of its levels.
You also visited: Sewer.

You collected 131 gold pieces.

Inventory:

Hand Weapons
 a - a +0 war axe
 c - a +1 short sword of protection (weapon)
 n - a +1 vampiric short sword
Missiles
 m - 2 curare-tipped darts (quivered)
Armour
 b - a +0 kite shield (worn)
Scrolls
 i - a scroll of fear
 j - 2 scrolls of torment
 k - 2 scrolls of teleportation
Potions
 d - 2 potions of lignification
 e - 2 potions of invisibility
 f - a potion of curing {unknown}
 g - 2 potions of heal wounds {unknown}
 h - 2 potions of mutation {unknown}


   Skills:
 + Level 4.0 Fighting
 + Level 1.1 Short Blades
 + Level 3.8 Axes
 + Level 3.6 Dodging
 + Level 3.2 Stealth
 + Level 4.0 Shields
 * Level 1.4 Invocations


You had 5 spell levels left.
You didn't know any spells.
Your spell library contained the following spells:

 Spells                   Type           Power      Damage    Failure   Level
 Corpse Rot               Necr/Air       N/A        N/A       88%         2
 Poisonous Vapours        Pois/Air       0%         N/A       88%         2
 Stone Arrow              Conj/Erth      0%         3d7       98%         3
 Bolt of Magma            Conj/Fire/Erth 0%         4d4       100%        5
 Freezing Cloud           Conj/Ice/Air   0%         6-21      100%        5
 Shatter                  Erth           0%         3d5*      100%        9


Dungeon Overview and Level Annotations

Branches:
Dungeon (4/15)              Sewer (visited)
 Temple: D:4-7

Altars:
Okawaru
Qazlal
Ru

Shops:
D:3 (


Innate Abilities, Weirdness & Mutations

You cannot wear most types of armour.
You are amphibious.
You can wear up to eight rings at the same time.
Your skin changes colour to match your surroundings (Stealth+).
Your rubbery body absorbs attacks. (AC +1, EV +1)
((You are camouflaged near water. (Stealth+)))
You have tentacles for arms and can constrict up to eight enemies at once.


Message History

You block the centaur skeleton's attack.
The centaur skeleton kicks you but does no damage.
Unknown command.
You aren't carrying any items that you can evoke.
Unknown command.
Okay, then.
A hound skeleton comes into view.
The hound skeleton moves out of view.
You feel the dreadful sensation subside.
Your +1 short sword of protection hums with potential!
c - a +1 short sword of protection (weapon)
You block the ogre's attack.
You hit the ogre.
Your weapon exudes an aura of protection.
The ogre is severely wounded.
The ogre hits you with a +0 giant club!
* * * LOW HITPOINT WARNING * * *
You hit the ogre.
The ogre is almost dead.
The ogre completely misses you.
You hit the ogre. You squeeze the ogre.
The ogre is almost dead.
You block the ogre's attack.
You hit the ogre but do no damage. You squeeze the ogre.
You kill the ogre!
Qazlal accepts your kill.
You block the centaur skeleton's attack. x2
Your Fighting skill increases to level 4!
Your Short Blades skill increases to level 1!
Your Shields skill increases to level 4!
You hit the centaur skeleton but do no damage.
You squeeze the centaur skeleton.
The centaur skeleton is almost destroyed.
You block the centaur skeleton's attack. x2
You hit the centaur skeleton.
The centaur skeleton is almost destroyed.
The centaur skeleton barely misses you.
You block the centaur skeleton's attack.
The centaur skeleton hits you.
You die...

## #. ...
..#( ... ..##
#.. #.###.#
#.<..#
#.#.###
#†$...#
#Z###.#######
#.# #@.......
#.###Z#######
#.O...#
###.### #.#
#.# #.. ###


You could see a centaur skeleton.

Vanquished Creatures
  Purgy (Sewer)
  An ogre (D:4)
  A scorpion (D:4)
  A hound skeleton (D:4)
  3 worms
  6 dart slugs
  6 endoplasms
  5 giant cockroaches
  3 goblins
  5 hobgoblins
  8 jackals
  2 quokkas
  2 ball pythons
  7 bats
  5 frilled lizards
  7 kobolds
  8 rats
71 creatures vanquished.

Vanquished Creatures (others)
  5 plants (D:2)
5 creatures vanquished.

Grand Total: 76 creatures vanquished

Notes
Turn   | Place    | Note
-------+----------+-------------------------------------------
     0 | D:1      | Malachi the Octopode Fighter began the quest for the Orb.
     0 | D:1      | Reached XP level 1. HP: 16/16 MP: 1/1
   143 | D:1      | Reached XP level 2. HP: 21/21 MP: 2/2
   952 | D:1      | Reached XP level 3. HP: 26/26 MP: 3/3
  1362 | D:2      | Found an iron altar of Okawaru.
  1881 | D:2      | Reached skill level 1 in Stealth
  2339 | D:2      | Found a faded altar of an unknown god.
  2344 | D:2      | Became a worshipper of Qazlal Stormbringer
  2344 | D:2      | Reached * piety under Qazlal
  2396 | D:3      | Found a glowing drain.
  2410 | D:3      | Reached XP level 4. HP: 30/31 MP: 4/4
  2430 | Sewer    | Entered a sewer
  2602 | Sewer    | Noticed Purgy
  2610 | Sewer    | Killed Purgy
  2611 | Sewer    | Reached XP level 5. HP: 4/37 MP: 5/5
  3158 | D:3      | Found Ydubasev's Weapon Emporium.
  3371 | D:3      | Reached ** piety under Qazlal
  3705 | D:3      | Found a sacrificial altar of Ru.
  4063 | D:4      | Reached XP level 6. HP: 34/43 MP: 6/6
  4068 | D:4      | Reached skill level 1 in Invocations
  4170 | D:4      | Reached skill level 1 in Short Blades
  4171 | D:4      | Slain by a centaur skeleton

Illustrated notes

Levels and vault maps discovered:
D:1:      mrwooster_arrival_statue_3, layout_basic, palyth_stone_intersect,
          hangedman_decor_clover_reticule
D:2:      layout_loops_ring, shapermc_ecumenical_altar_petra, basic_altar,
          serial_bayou_ford_a
D:3:      layout_loops_corners, nicolae_ru_path_of_blood, serial_shops,
          nicolae_lakefront_shop, portal_sewer_entry_a,
          kennysheep_generic_room_14
D:4:      layout_loops_ring, pdpol_wu_jian_five_deadly_venoms,
          mainiacjoe_overflow_paths

Skill      XL: |  1  2  3  4  5  6 |
---------------+-------------------+-----
Stealth        | 1 2 3 |  3.2
Axes           | 3 |  3.8
Invocations    | 1 |  1.4
Fighting       | 4 |  4.0
Short Blades   | 1 |  1.1
Shields        | 4 |  4.0
Dodging        | |  3.6

Action                   |  1- 3 |  4- 6 || total
-------------------------+-------+-------++-------
Melee: War axe           |    66 |    16 ||    82
       Constrict         |    20 |    17 ||    37
       Tentacles         |    11 |    13 ||    24
       Short sword       |       |    47 ||    47
Invok: Upheaval          |       |     2 ||     2
  Use: Potion            |       |     1 ||     1
       Scroll            |       |     7 ||     7
 Stab: Sleeping          |     6 |       ||     6
Armor: Skin              |     6 |     6 ||    12
Dodge: Dodged            |    34 |    30 ||    64
Block: Kite shield       |    27 |    55 ||    82

Table legend: (Time is in decaauts)
 A = Elapsed time spent in this place.
 B = Non-inter-level travel time spent in this place.
 C = Inter-level travel time spent in this place.
 D = Time resting spent in this place.
 E = Time spent auto-exploring this place.
 F = Levels seen in this place.
 G = Mean time per level.
                   A        B        C        D        E       F      G
               +--------+--------+--------+--------+--------+-----+--------+
         Total |   4235 |   4170 |     65 |    855 |   2728 |   5 |  847.0 |
       Dungeon |   3964 |   3899 |     65 |    821 |   2573 |   4 |  991.0 |
         Sewer |    271 |    271 |      0 |     34 |    155 |   1 |  271.0 |
               +--------+--------+--------+--------+--------+-----+--------+

Top non-repeatable levels by time:
     D:3: 1410 daAuts
     D:1: 1386 daAuts
     D:2: 1046 daAuts
   Sewer: 271 daAuts
     D:4: 121 daAuts
